 Dungeon Crawl Stone Soup version 0.30-a0-778-g2ef04afb54 (webtiles) character file.

Game seed: 14907985682462255981

531 sqbi the Firebug (level 7, -2/50 HPs)
             Began as a Red Draconian Fire Elementalist on Feb 15, 2023.
             Slain by an ogre
             ... wielding a +0 giant club
              (18 damage)
             ... on level 4 of the Dungeon.
             The game lasted 00:15:12 (4088 turns).

sqbi the Firebug (Red Draconian Fire Elementalist)  Turns: 4088, Time: 00:15:13

Health: -2/50      AC:  7    Str: 11    XL:     7   Next: 3%
Magic:  1/13       EV: 12    Int: 17    God:
Gold:   212        SH:  3    Dex: 11    Spells: 13/14 levels left

rFire   + + .      SeeInvis .    v - +2 hand axe (heavy)
rCold   . . .      Faith    .    p - +0 buckler
rNeg    . . .      Spirit   .    (body armour unavailable)
rPois   .          Reflect  .    (helmet restricted)
rElec   .          Harm     .    l - +0 cloak
rCorr   .          Rampage  .    (no gloves)
Will    .....                    (no boots)
Stlth   ++                       (no amulet)
HPRegen 0.28/turn                i - ring of protection from fire
MPRegen 0.13/turn                x - ring of wizardry

@: no status effects
A: breathe fire, AC +6, unfitting armour, fire resistance 1, cold-blooded
a: Breathe Fire


You were on level 4 of the Dungeon.
You visited 1 branch of the dungeon, and saw 4 of its levels.

You collected 212 gold pieces.

Inventory:

Hand Weapons
 d - a +0 dagger
 v - a +2 heavy hand axe (weapon)
Missiles
 e - 31 stones
Armour
 l - a +0 cloak (worn)
 p - a +0 buckler (worn)
Jewellery
 i - a ring of protection from fire (left hand)
 w - a ring of poison resistance
 x - a ring of wizardry (right hand)
Scrolls
 b - a scroll of fear {unknown}
 h - 4 scrolls of identify {unknown}
 j - 2 scrolls of poison {unknown}
 k - 2 scrolls of vulnerability {unknown}
 m - 3 scrolls of immolation {unknown}
 n - 2 scrolls of noise {unknown}
 o - 2 scrolls of teleportation {unknown}
 r - a scroll of amnesia {unknown}
 s - a scroll of magic mapping {unknown}
 u - 2 scrolls of blinking {unknown}
Potions
 a - a potion of magic
 c - 2 potions of flight {unknown}
 f - 4 potions of curing {unknown}
 g - a potion of cancellation {unknown}
 q - a potion of experience {unknown}
 t - a potion of might {unknown}


   Skills:
 + Level 3.1 Dodging
 - Level 1.7 Stealth
 * Level 4.3 Spellcasting
 * Level 3.3 Conjurations
 * Level 6.2 Fire Magic


You had 13 spell levels left.
You knew the following spells:

 Your Spells              Type           Power      Damage    Failure   Level
a - Foxfire               Conj/Fire      76%        2x1d7     1%          1

Your spell library contained the following spells:

 Spells                   Type           Power      Damage    Failure   Level
 Scorch                   Fire           48%        2d7       1%          2
 Inner Flame              Hex/Fire       14%        N/A       7%          3
 Kindle Blastsparks       Fire/Tloc/Air  20%        2d11      11%         3
 Flame Wave               Conj/Fire      19%        2d7       12%         4


Dungeon Overview and Level Annotations

Branches:
Dungeon (4/15)
 Temple: D:4-7

Altars:
Hepliaklqana
Qazlal

Shops:
D:4 [

Annotations:
D:4 Edmund


Innate Abilities, Weirdness & Mutations

You can breathe blasts of fire.
Your fiery red scales are hard. (AC +6)
You cannot fit into any form of body armour.
Your flesh is heat resistant. (rF+)
You are cold-blooded and may be slowed by cold attacks.


Message History

The ogre shouts!
You hear a bark! x2
You conjure some foxfire!
You conjure some foxfire!
The foxfire hits Edmund.
Edmund is moderately wounded.
The foxfire hits Edmund.
Edmund is moderately wounded.
Edmund barely misses you.
You conjure some foxfire!
The foxfire hits Edmund but does no damage.
Edmund is moderately wounded.
The foxfire hits Edmund.
Edmund is moderately wounded.
Edmund hits you with a +1 flail of holy wrath!
You are out of magic!
You hit Edmund but do no damage.
Edmund is moderately wounded.
The foxfire hits Edmund but does no damage.
Edmund is moderately wounded.
The foxfire hits Edmund but does no damage.
Edmund is moderately wounded.
Edmund hits you with a +1 flail of holy wrath!
You slash Edmund!
Edmund is heavily wounded.
You barely miss the ogre. The ogre hits you with a +0 giant club!
Edmund misses you. Edmund barely misses you.
The ogre hits you but does no damage.
You are too injured to fight recklessly!
You hit Edmund but do no damage.
Edmund is heavily wounded.
You barely miss the ogre.
You have got your breath back.
Edmund hits you with a +1 flail of holy wrath.
The ogre misses you.
Edmund hits you with a +1 flail of holy wrath.
* * * LOW HITPOINT WARNING * * *
You closely miss Edmund.
Edmund is heavily wounded.
You hit the ogre. Edmund closely misses you.
The ogre hits you with a +0 giant club!!
You die...

(#....#.##....)..#
#.##........
#.#..#.#.#....##.#
#........... . #..
#.#.....##.# #.#######...
#.. ##.....)##.###.# #...
...
.........##.....#######...
...
...........#####...'.~~#...
..##.......# ######.~##..
.##.#.....@####### #.~~##.
#.#.#...O@......# #...'..
.#.##...........# #######
.##.#..........# #.#####
..#.#.........# #......
....##.........# #######
.... .#........# ..
......###### ......##


You could see Edmund and an ogre.

Vanquished Creatures
  Sigmund (D:2)
  Menkaure (D:4)
  A howler monkey (D:4)
  A jelly (D:4)
  Ijyb (D:4)
  5 adders
  4 worms
  2 dart slugs
  6 orcs
  5 bats
  7 endoplasms
  4 giant cockroaches
  7 goblins
  7 hobgoblins
  6 jackals
  8 kobolds
  2 quokkas
  5 ball pythons
  4 rats
77 creatures vanquished.

Vanquished Creatures (collateral kills)
  9 foxfires (D:3)
9 creatures vanquished.

Vanquished Creatures (others)
  283 foxfires
  6 plants (D:3)
289 creatures vanquished.

Grand Total: 375 creatures vanquished

Notes
Turn   | Place    | Note
-------+----------+-------------------------------------------
     0 | D:1      | sqbi the Draconian Fire Elementalist began the quest for
                  | the Orb.
     0 | D:1      | Reached XP level 1. HP: 14/14 MP: 3/3
   126 | D:1      | Reached XP level 2. HP: 15/20 MP: 0/5
   642 | D:1      | Found a faded altar of an unknown god.
  1053 | D:1      | Reached XP level 3. HP: 26/26 MP: 3/6
  1795 | D:2      | Noticed Sigmund
  1837 | D:2      | Killed Sigmund
  1838 | D:2      | Reached skill level 4 in Fire Magic
  1838 | D:2      | Reached XP level 4. HP: 19/33 MP: 0/9
  1838 | D:2      | Reached XP level 5. HP: 22/38 MP: 0/10
  2878 | D:3      | Found a hazy altar of Hepliaklqana.
  2886 | D:3      | Reached XP level 6. HP: 31/45 MP: 11/11
  3216 | D:3      | Found a stormy altar of Qazlal.
  3587 | D:4      | Found Zepte's Antique Armour Emporium.
  3772 | D:4      | Noticed Menkaure
  3779 | D:4      | Killed Menkaure
  3780 | D:4      | Reached skill level 5 in Fire Magic
  4057 | D:4      | Noticed Ijyb
  4065 | D:4      | Noticed Edmund
  4069 | D:4      | Killed Ijyb
  4070 | D:4      | Your scales start taking on a fiery red colour.
  4070 | D:4      | Reached skill level 6 in Fire Magic
  4070 | D:4      | Reached XP level 7. HP: 47/50 MP: 1/13
  4070 | D:4      | Gained mutation: Your flesh is heat resistant. (rF+) [Red
                  | Draconian growth]
  4088 | D:4      | Slain by an ogre

Illustrated notes

Levels and vault maps discovered:
D:1:      dpeg_arrival_orchard, layout_loops_corners,
          ebering_ecumenical_altar_hall
D:2:      layout_basic, uniq_sigmund
D:3:      layout_basic, mainiacjoe_overflow_boulevard,
          mainiacjoe_overflow_paths, serial_bayou_pond_c
D:4:      layout_basic, serial_shops, nicolae_shop_trees,
          kennysheep_nondescript, dreamdust_wishing_well,
          minmay_misc_feat_secret_circle, uniq_menkaure, uniq_ijyb, uniq_edmund

Skill      XL: |  1  2  3  4  5  6 |
---------------+-------------------+-----
Dodging        | 2 3 |  3.1
Spellcasting   | 3 4 |  4.3
Conjurations   | 2 3 |  3.3
Fire Magic     | 4 6 |  6.2
Stealth        | |  1.7

Action                     |  1- 3 |  4- 6 |  7- 9 || total
---------------------------+-------+-------+-------++-------
  Melee: Dagger            |    27 |    13 |       ||    40
         Tailslap          |     2 |     4 |       ||     6
         Hand axe          |       |     9 |     4 ||    13
   Cast: Foxfire           |    78 |   105 |     3 ||   186
Ability: Breathe Fire      |       |       |     1 ||     1
 Armour: Skin              |    22 |     4 |     1 ||    27
  Dodge: Dodged            |    52 |    13 |     5 ||    70
  Block: Buckler           |     1 |     3 |       ||     4

Table legend: (Time is in decaauts)
 A = Elapsed time spent in this place.
 B = Non-inter-level travel time spent in this place.
 C = Inter-level travel time spent in this place.
 D = Time resting spent in this place.
 E = Time spent auto-exploring this place.
 F = Levels seen in this place.
 G = Mean time per level.
                   A        B        C        D        E       F      G
               +--------+--------+--------+--------+--------+-----+--------+
         Total |   4101 |   4044 |     57 |      0 |   3388 |   4 | 1025.2 |
       Dungeon |   4101 |   4044 |     57 |      0 |   3388 |   4 | 1025.2 |
               +--------+--------+--------+--------+--------+-----+--------+

Top non-repeatable levels by time:
     D:1: 1367 daAuts
     D:2: 1274 daAuts
     D:3: 936 daAuts
     D:4: 523 daAuts
